Map: Aura mortal EE

Players

MrFercho

  • Race: Zerg Zerg
  • League: Gold
  • Spawn Location: 11:00

Eggmcmuffin - Winner!

  • Race: Protoss Protoss
  • League: Gold
  • Spawn Location: 5:00

VOD

Have the link to the VOD?

Description

Time

  • Played on: Aug. 17, 2020, 1:03 a.m.
  • Length: 20:08
Show
View Real Time Build Order
Export as new Build Order

MrFercho Zerg 

Build Orders: Hatch First 

Get SALT Encoding   

  12  0:00  Drone  
  13  0:13  Overlord  
  13  0:17  Drone  
  14  0:31  Drone  
  14  0:32  Drone  
  16  0:49  Hatchery  
  15  0:54  Drone  
  15  0:56  Drone  
  17  0:59  Drone  
  18  1:10  Extractor  
  17  1:16  Spawning Pool  
  17  1:18  Drone  
  17  1:21  Drone  
  18  1:33  Drone  
  19  1:47  Drone  
  19  1:53  Overlord  
  20  2:04  Zergling x4  
  20  2:06  Queen x2  
  26  2:15  Drone  
  26  2:16  Drone  
  26  2:18  Metabolic Boost  
  28  2:28  Drone x2  
  30  2:46  Zergling x4  
  30  2:50  Overlord  
  32  2:52  Queen  
  32  2:57  Lair  
  34  3:11  Drone x2  
  36  3:16  Overlord  
  36  3:24  Roach Warren  
  36  3:25  Drone x2, Evolution Chamber  
  36  3:29  Overlord  
  36  3:40  Pneumatized Carapace  
  36  3:42  Drone  
  36  3:43  Drone x6  
  43  3:55  Drone x5  
  45  3:58  Extractor  
  45  4:00  Extractor  
  46  4:07  Glial Reconstitution  
  46  4:22  Drone  
  46  4:23  Drone x2  
  49  4:27  Queen  
  51  4:38  Overlord x2  
  51  4:39  Overlord  
  51  4:41  Zerg Missile Weapons Level 1  
  51  4:46  Hatchery  
  50  4:56  Overseer  
  49  5:17  Roach x7  
  49  5:18  Overlord  
  63  5:48  Roach x3  
  69  5:53  Drone x6  
  75  5:59  Drone  
  76  6:12  Hatchery  
  76  6:14  Hydralisk Den  
  74  6:18  Infestation Pit  
  74  6:19  Drone x3  
  74  6:20  Drone x2  
  74  6:23  Drone  
  74  6:25  Drone x2  
  81  6:27  Queen  
  83  6:35  Overlord x3  
  83  6:41  Zerg Missile Weapons Level 2  
  83  6:59  Overseer  
  83  7:03  Overlord  
  83  7:05  Zergling x28  
  97  7:11  Overlord  
  90  7:55  Grooved Spines  
  80  8:02  Extractor  
  80  8:03  Extractor  
  78  8:12  Roach x19  
  120  8:13  Roach x2  
  120  8:29  Hive  
  120  8:30  Extractor  
  119  9:03  Zerg Ground Armor Level 1  
  119  9:06  Muscular Augments  
  119  9:09  Evolution Chamber  
  114  9:11  Overseer  
  114  9:12  Overseer  
  114  9:15  Hydralisk  
  114  9:16  Hydralisk x6  
  120  9:18  Zergling x16  
  120  9:24  Overlord x3  
  88  9:38  Drone x2  
  88  9:39  Drone x6  
  88  9:40  Drone  
  88  9:44  Drone x3  
  98  9:45  Drone  
  98  9:46  Drone x2  
  101  10:00  Lurker Den  
  101  10:02  Spire  
  101  10:04  Zerg Missile Weapons Level 3  
  96  10:27  Zergling x30  
  111  10:36  Drone  
  112  10:43  Spine Crawler  
  112  10:46  Overseer  
  111  11:00  Drone x11  
  122  11:07  Spore Crawler  
  122  11:09  Hatchery  
  120  11:15  Spine Crawler  
  120  11:16  Spore Crawler  
  120  11:17  Spine Crawler  
  120  11:18  Spine Crawler  
  116  11:19  Seismic Spines  
  116  11:20  Spine Crawler  
  116  11:21  Greater Spire  
  116  11:24  Drone x5  
  116  11:25  Drone x4  
  124  11:38  Hydralisk x3  
  109  12:13  Hydralisk x8  
  109  12:14  Hydralisk x4  
  133  12:17  Adaptive Talons  
  123  12:37  Zergling x16  
  123  12:38  Zergling x8  
  99  13:03  Zergling x20  
  109  13:18  Queen  
  89  13:29  Hydralisk x10  
  105  13:40  Adrenal Glands  
  105  13:44  Zerg Melee Weapons Level 1  
  105  13:46  Zerg Ground Armor Level 2  
  95  13:55  Hydralisk  
  95  13:56  Hydralisk x3  
  95  13:59  Zergling x2  
  95  14:00  Zergling x2  
  70  14:18  Zergling x24  
  74  14:39  Hatchery  
  72  14:47  Hydralisk x4  
  72  14:48  Hydralisk  
  82  15:00  Lurker  
  83  15:11  Corruptor x2  
  89  15:16  Lurker x2  
  91  15:25  Overseer  
  91  15:26  Overlord x2  
  72  16:11  Corruptor x2  
  72  16:12  Corruptor  
  75  16:30  Hydralisk  
  75  16:31  Hydralisk x11  
  96  17:09  Hydralisk x9  
  93  17:29  Zergling x12  
  95  17:46  Lurker x3  
  95  17:47  Lurker  
  99  17:52  Hatchery  
  53  18:14  Hydralisk x6  
  44  19:02  Drone x3  
  47  19:03  Drone x4  
  51  19:32  Drone x3  
Show
View Real Time Build Order
Export as new Build Order

Eggmcmuffin Protoss - Winner!

Build Orders:  

Get SALT Encoding   

  12  0:01  Probe  
  13  0:17  Pylon  
  13  0:28  Probe  
  14  0:38  Gateway  
  14  0:39  Assimilator  
  14  0:50  Probe (Chrono Boost)  
  15  1:00  Probe (Chrono Boost)  
  16  1:07  Gateway  
  16  1:13  Probe  
  16  1:15  Forge  
  17  1:23  Pylon  
  17  1:36  Probe (Chrono Boost)  
  17  1:38  Cybernetics Core  
  19  1:48  Probe (Chrono Boost)  
  19  1:54  Photon Cannon  
  19  2:05  Probe  
  20  2:14  Stalker, Warp Gate  
  22  2:33  Zealot  
  24  2:54  Nexus  
  24  2:55  Probe  
  24  2:57  Pylon  
  25  3:08  Stalker  
  27  3:13  Probe  
  27  3:19  Stalker  
  30  3:25  Probe  
  31  3:29  Shield Battery  
  31  3:31  Photon Cannon  
  31  3:41  Assimilator, Probe  
  32  3:53  Probe  
  32  3:55  Twilight Council  
  33  4:05  Probe  
  33  4:09  Probe  
  35  4:17  Probe  
  35  4:19  Stalker  
  35  4:21  Probe  
  39  4:29  Probe  
  39  4:30  Stalker  
  42  4:33  Probe  
  43  4:43  Gateway  
  43  4:46  Gateway, Probe x2  
  43  4:49  Assimilator  
  45  4:57  Pylon  
  44  5:01  Zealot  
  44  5:02  Charge (Chrono Boost), Zealot  
  48  5:19  Probe x2  
  48  5:20  Robotics Facility  
  50  5:31  Probe x2  
  50  5:33  Pylon  
  52  5:39  Stalker  
  52  5:40  Stalker  
  56  5:43  Probe x2  
  58  5:54  Zealot x2  
  58  5:56  Probe x2  
  64  6:09  Stalker x2  
  68  6:16  Assimilator, Warp Prism  
  70  6:21  Pylon  
  70  6:22  Pylon  
  70  6:54  Dark Shrine  
  70  6:55  Nexus  
  70  6:56  Pylon  
  70  6:57  Stalker  
  70  6:58  Stalker, Pylon  
  70  7:00  Sentry  
  70  7:01  Pylon, Zealot  
  80  7:30  Immortal  
  74  7:55  Zealot x3  
  74  7:56  Zealot  
  62  8:07  Photon Cannon  
  62  8:08  Photon Cannon  
  62  8:09  Immortal  
  66  8:13  Protoss Ground Weapons Level 1  
  66  8:24  Photon Cannon  
  66  8:29  Robotics Facility  
  66  8:35  Zealot x4  
  74  8:58  Dark Templar  
  74  8:59  Dark Templar  
  78  9:05  Gateway  
  78  9:07  Gateway  
  78  9:11  Zealot  
  78  9:12  Zealot  
  56  9:49  Stalker  
  56  9:50  Zealot  
  56  9:51  Zealot x2  
  64  10:04  Probe x3  
  67  10:16  Probe x3  
  70  10:31  Stalker x4  
  70  10:32  Stalker x2  
  70  10:34  Probe x3  
  85  10:37  Assimilator  
  85  10:40  Immortal x2  
  93  10:46  Probe x3  
  94  11:00  Robotics Bay  
  94  11:01  Zealot x4  
  94  11:02  Zealot x2  
  106  11:09  Protoss Ground Weapons Level 2  
  106  11:18  Assimilator  
  106  11:23  Zealot x5  
  106  11:24  Zealot  
  88  12:00  Zealot x6  
  90  12:07  Extended Thermal Lance  
  88  12:08  Colossus x2  
  100  12:21  Stalker x3  
  100  12:22  Stalker x2  
  100  12:41  Photon Cannon  
  86  12:47  Zealot  
  86  12:48  Zealot x4  
  86  12:49  Zealot  
  93  13:05  Forge  
  93  13:09  Stalker x5  
  93  13:12  Probe  
  86  13:33  Zealot x2  
  86  13:34  Zealot x4  
  88  14:13  Zealot x5  
  88  14:14  Zealot  
  100  14:25  Colossus x2  
  110  14:34  Stalker  
  110  14:35  Stalker x2  
  116  15:07  Nexus  
  116  15:13  Pylon  
  116  15:15  Pylon  
  116  15:16  Pylon  
  116  15:18  Pylon  
  116  15:20  Pylon  
  116  15:21  Pylon  
  116  15:49  Pylon  
  116  15:50  Pylon  
  116  15:52  Probe  
  116  15:53  Pylon  
  116  15:55  Probe x2  
  119  16:01  Stalker  
  119  16:02  Stalker x5  
  131  16:05  Probe  
  131  16:07  Probe x2  
  126  16:39  Observer x2  
  128  16:42  Stalker x5  
  138  16:49  Stalker  
  138  16:53  Photon Cannon  
  140  16:54  Photon Cannon  
  140  16:55  Photon Cannon  
  140  16:57  Photon Cannon  
  129  17:38  Assimilator  
  129  17:40  Assimilator  
  129  17:43  Zealot  
  129  17:44  Zealot x5  
  141  18:09  Pylon  
  131  18:29  Observer  
  131  18:30  Observer  
  113  18:38  Stalker  
  113  18:39  Stalker x5  
  105  18:51  Observer x2  
  107  19:07  Stalker x2  
  107  19:08  Stalker x4  
  119  19:11  Colossus  
  119  19:12  Colossus  
  131  19:30  Pylon  
  131  19:31  Nexus  
  131  19:35  Pylon  
  131  19:36  Stalker x3  
  131  19:37  Stalker x3, Pylon  
  143  19:40  Pylon  
  139  20:08  Stalker  
Tags
 
League
GoldGold
Matchup
PvZ
Replay Pack
MrFercho
Spawn Locations
Cross Positions
Add a new tag
Caveats
  • Supply blocks, unpowered buildings, or Contaminate may cause inaccurate times.
  • Supply counts are checked every 10 seconds.